 Dungeon Crawl Stone Soup version 0.22-a0-565-gfc6459a524 (webtiles) character file.

11877 PikkenKukken the Fighter (level 11, -3/89 HPs)
             Began as a Demonspawn Fighter on June 28, 2018.
             Was an Elder of Qazlal.
             Slain by a tyrant leech (13 damage)
             ... on level 4 of the Lair of Beasts.
             The game lasted 00:29:56 (12874 turns).

PikkenKukken the Fighter (Demonspawn Fighter)      Turns: 12874, Time: 00:29:56

Health: -3/89      AC: 18    Str: 17    XL:     11   Next: 55%
Magic:  0/15       EV: 12    Int:  9    God:    Qazlal [****..]
Gold:   883        SH:  5    Dex: 18    Spells: 10/10 levels left

rFire    . . .     SeeInvis .   b - +0 executioner's axe
rCold    . . .     Gourm    +   (shield currently unavailable)
rNeg     + + .     Faith    .   v - +0 chain mail
rPois    +         Spirit   +   (no helmet)
rElec    .         Reflect  .   a - +1 cloak {MR+}
rCorr    .         Harm     .   (no gloves)
MR       ++...                  h - +1 pair of boots
Stlth    ..........             A - amulet of the gourmand
HPRegen  0.24/turn              j - ring of protection from magic
MPRegen  0.14/turn              I - ring of positive energy

@: repel missiles
A: hooves 2, thin metallic scales 2, agile 1, demonic guardian 1, negative
energy resistance 1, poison resistance, magic shield
a: Upheaval, Elemental Force, Renounce Religion


You were on level 4 of the Lair of Beasts.
You worshipped Qazlal.
Qazlal was greatly pleased with you.
You were not hungry.

You visited 2 branches of the dungeon, and saw 13 of its levels.

You collected 883 gold pieces.

Inventory:

Hand Weapons
 b - a +0 executioner's axe (weapon)
 n - a +2 hand axe of venom
 E - a +1 battleaxe of electrocution
 H - a +1 battleaxe of flaming
Missiles
 e - 5 tomahawks (quivered)
 i - 257 arrows
 z - 61 bolts
Armour
 a - a +1 cloak of magic resistance (worn)
 h - a +1 pair of boots (worn)
 l - the +0 pair of gloves "Ukkais" {rF+ Str+4 Slay-3 Stlth+}
   (You found it on level 6 of the Dungeon)

   It affects your strength (+4).
   It affects your accuracy and damage with ranged weapons and melee attacks
   (-3).
   It protects you from fire.
   It makes you more stealthy.
 v - a +0 chain mail (worn)
Jewellery
 j - a ring of protection from magic (left hand)
 w - an uncursed ring of resist corrosion
 A - an amulet of the gourmand (around neck)
 I - a ring of positive energy (right hand)
Wands
 o - a wand of random effects (35)
 s - a wand of enslavement (4)
 u - a wand of acid (7)
 x - a wand of flame (56)
 D - a wand of iceblast (10)
 J - a wand of paralysis (18)
Scrolls
 c - 2 scrolls of remove curse
 k - a scroll of teleportation
 y - 6 scrolls of identify
 F - 6 scrolls of enchant armour
Potions
 d - 4 potions of might
 g - a potion of agility
 m - 6 potions of curing
 p - 3 potions of flight
 q - 6 potions of heal wounds
 r - 2 potions of lignification
 t - a potion of ambrosia
 B - 2 potions of mutation
 C - 2 potions of magic
 G - 2 potions of haste
Comestibles
 f - 11 rations


   Skills:
 + Level 9.1 Fighting
 + Level 8.1 Axes
 - Level 5.0 Throwing
 + Level 8.3 Armour
 + Level 7.8 Dodging
   Level 2.6 Shields
 - Level 6.0 Invocations


You had 10 spell levels left.
You didn't know any spells.
Your spell library contained the following spells:

 Spells                   Type           Power        Failure   Level  Hunger
 Confuse                  Hex            #.......     100%        3    ####...
 Confusing Touch          Hex            #.....       99%         1    ##.....
 Metabolic Englaciation   Hex/Ice        #.........   100%        5    ######.
 Petrify                  Tmut/Erth      #.......     100%        4    #####..
 Gell's Gravitas          Tloc           #.........   100%        3    ####...
 Yara's Violent Unravell  Hex/Tmut       #.........   100%        5    ######.


Dungeon Overview and Level Annotations

Branches:
Dungeon (9/15)             Temple (0/1) D:4            Lair (4/6) D:9
 Shoals (0/4) Lair:2       Spider (0/4) Lair:3
    Orc: D:9-12

Altars:
Cheibriados
Dithmenos
Elyvilon
Gozag
Hepliaklqana
Makhleb
Qazlal
Trog
Uskayaw
Xom
The Shining One

Annotations:
D:7 1 runed door, PikkenKukken's ghost, novice DsGl


Innate Abilities, Weirdness & Mutations

You have hoof-like feet.
You are mostly covered in thin metallic scales. (AC +3)
A weak demonic guardian rushes to your aid.
You resist negative energy. (rN+)
When hurt, damage is shared between your health and your magic reserves.
You are agile. (Dex +2)
Your system is resistant to poisons. (rPois)


Message History

* * * LOW HITPOINT WARNING * * *
The tyrant leech draws strength from your injuries!
You miss the tyrant leech.
The tyrant leech is severely wounded.
The tyrant leech closely misses you.
Your chain mail prevents you from hitting the tyrant leech.
The tyrant leech is severely wounded.
The tyrant leech bites you but does no damage.
You closely miss the tyrant leech.
The tyrant leech is severely wounded.
A porcupine comes into view.
The tyrant leech closely misses you.
You miss the tyrant leech.
The tyrant leech is severely wounded.
The tyrant leech misses you. You block the tyrant leech's attack.
Your chain mail prevents you from hitting the tyrant leech.
The tyrant leech is severely wounded.
The porcupine twitches its whiskers.
The tyrant leech bites you!
You die...

########## .
##.##.#...#..
#<†#...#.....
##@§.........
#w5.........
#.#.r......[
#.#.........
###.........
##........
.........
.........
.........


You could see a tyrant leech, a porcupine and a friendly quasit.

Vanquished Creatures
  A hydra (Lair:2)
  A merfolk siren (Lair:2)
  2 black mambas
  3 spiny frogs
  3 komodo dragons
  4 jumping spiders (Lair:3)
  2 trolls
  A blink frog (Lair:4)
  2 hippogriffs (Lair:1)
  A redback (Lair:3)
  Sigmund (D:6)
  A wyvern (Lair:4)
  A basilisk (Lair:2)
  A hungry ghost (D:8)
  2 water moccasins
  2 hell hounds (D:9)
  An orc warrior (D:8)
  6 porcupines
  A sky beast (D:9)
  3 black bears
  An ogre (D:5)
  3 wolves
  3 centaurs
  A crocodile (Lair:3)
  8 bullfrogs
  A gnoll sergeant (D:6)
  A wyvern skeleton (D:9)
  A water moccasin skeleton (D:5)
  A scorpion (D:9)
  6 killer bees (D:8)
  5 wights (D:9)
  An electric eel (Lair:3)
  4 howler monkeys
  2 crimson imps
  A centaur zombie (D:5)
  4 jellies
  A bullfrog skeleton (D:7)
  3 gnoll shamans (D:6)
  3 hounds
  3 iguanas
  2 orc wizards
  5 worker ants
  A hound zombie (D:9)
  A worker ant zombie (D:5)
  44 gnolls
  A howler monkey skeleton (D:4)
  8 adders
  3 shadow imps
  2 oozes (D:3)
  3 adder zombies
  A worm (D:2)
  3 dart slugs
  3 leopard geckos
  10 orcs
  4 giant cockroaches
  8 goblins
  3 hobgoblins
  16 jackals
  6 quokkas
  2 ball pythons
  7 bats
  4 frilled lizards
  3 kobolds
  A leopard gecko skeleton (D:5)
  3 rats
236 creatures vanquished.

Vanquished Creatures (collateral kills)
  A two-headed ogre (D:8)
  Maurice (D:9)
  A rime drake (Lair:2)
  A jumping spider (Lair:3)
  A hippogriff (D:8)
  A water moccasin (Lair:1)
  An ogre (D:7)
  A centaur (D:7)
  A wolf (D:9)
  A bullfrog (D:6)
  A crimson imp (D:6)
  A hound (D:7)
  An orc priest (D:6)
  A hound skeleton (D:6)
  8 gnolls (D:6)
  2 orcs (D:6)
  A jackal (D:6)
25 creatures vanquished.

Vanquished Creatures (others)
  A kobold (D:4)
  2 plants (Lair:4)
3 creatures vanquished.

Grand Total: 264 creatures vanquished

Notes
Turn   | Place    | Note
-------+----------+-------------------------------------------
     0 | D:1      | PikkenKukken the Demonspawn Fighter began the quest for the Orb.
     0 | D:1      | Reached XP level 1. HP: 18/18 MP: 1/1
   473 | D:1      | Gained mutation: You are partially covered in thin metallic scales. (AC +2) [demonic ancestry]
   473 | D:1      | Reached XP level 2. HP: 24/24 MP: 2/2
  1156 | D:2      | Reached skill level 1 in Dodging
  1163 | D:2      | Gained mutation: When hurt, damage is shared between your health and your magic reserves. [demonic ancestry]
  1163 | D:2      | Reached XP level 3. HP: 6/29 MP: 3/3
  1432 | D:2      | Found a shimmering altar of Xom.
  1531 | D:2      | Found an opulent altar of Gozag.
  2279 | D:3      | Gained mutation: You are mostly covered in thin metallic scales. (AC +3) [demonic ancestry]
  2279 | D:3      | Reached XP level 4. HP: 27/35 MP: 4/4
  2658 | D:3      | Reached XP level 5. HP: 38/42 MP: 3/5
  3198 | D:4      | Reached skill level 4 in Fighting
  3456 | D:4      | Gained mutation: A weak demonic guardian rushes to your aid. [demonic ancestry]
  3456 | D:4      | Reached XP level 6. HP: 47/48 MP: 6/6
  3474 | D:4      | Found a stormy altar of Qazlal.
  3525 | D:4      | Became a worshipper of Qazlal Stormbringer
  3583 | D:4      | Gained mutation: You are agile. (Dex +2) [potion of mutation]
  3583 | D:4      | Gained mutation: Your system is resistant to poisons. (rPois) [potion of mutation]
  3631 | D:4      | Found a staircase to the Ecumenical Temple.
  3965 | D:5      | Entered Level 5 of the Dungeon
  4018 | D:5      | Found a white marble altar of Elyvilon.
  4067 | D:5      | Found a bloodstained altar of Trog.
  4116 | D:5      | Reached skill level 1 in Invocations
  4330 | D:5      | Reached XP level 7. HP: 34/55 MP: 6/8
  4564 | D:5      | Found a snail-covered altar of Cheibriados.
  4581 | D:5      | Found a glowing golden altar of the Shining One.
  4731 | D:5      | Reached * piety under Qazlal
  5016 | D:6      | Reached skill level 5 in Fighting
  5100 | D:6      | Gained mutation: You have large cloven feet. [demonic ancestry]
  5100 | D:6      | Reached XP level 8. HP: 53/62 MP: 8/10
  5108 | D:6      | Reached ** piety under Qazlal
  5172 | D:6      | Reached skill level 5 in Armour
  5420 | D:6      | Reached *** piety under Qazlal
  5543 | D:6      | Noticed Sigmund
  5568 | D:6      | Killed Sigmund
  5578 | D:6      | Reached skill level 5 in Invocations
  5637 | D:6      | Reached skill level 5 in Axes
  5866 | D:6      | Reached skill level 6 in Fighting
  5917 | D:6      | Got a pair of bloodstained gloves
  5923 | D:6      | Identified the cursed +0 pair of gloves "Ukkais" {rF+ Str+4 Slay-3 Stlth+} (You found it on level 6 of the Dungeon)
  6383 | D:7      | Reached skill level 1 in Throwing
  6439 | D:7      | Gained mutation: You have hoof-like feet. [demonic ancestry]
  6439 | D:7      | Reached XP level 9. HP: 58/69 MP: 10/12
  6598 | D:7      | Found a runed door.
  6600 | D:7      | Noticed PikkenKukken's ghost (novice DsGl)
  6992 | D:8      | Reached skill level 5 in Dodging
  7021 | D:8      | Found a shadowy altar of Dithmenos.
  7135 | D:8      | Reached **** piety under Qazlal
  7404 | D:8      | Noticed a two-headed ogre
  7418 | D:8      | Killed a two-headed ogre
  7516 | D:8      | Reached skill level 7 in Fighting
  7680 | D:8      | Found a burning altar of Makhleb.
  8353 | D:9      | Noticed a troll
  8366 | D:8      | Killed a troll
  8556 | D:9      | Noticed a troll
  8562 | D:9      | Killed a troll
  8562 | D:9      | Reached XP level 10. HP: 75/79 MP: 13/13
  8620 | D:9      | Found a staircase to the Lair.
  8875 | D:9      | Found a hide-covered altar of Uskayaw.
  9115 | D:9      | Found a hazy altar of Hepliaklqana.
  9126 | D:9      | Noticed Maurice
  9135 | D:9      | Killed Maurice
  9224 | Lair:1   | Entered Level 1 of the Lair of Beasts
  9296 | Lair:1   | Noticed a spiny frog
  9305 | Lair:1   | Noticed a spiny frog
  9321 | D:9      | Killed a spiny frog
  9890 | Lair:1   | Reached skill level 8 in Fighting
  9929 | Lair:1   | Noticed a black mamba
  9938 | Lair:1   | Killed a black mamba
 10075 | Lair:1   | Killed a spiny frog
 10126 | Lair:1   | Noticed a spiny frog
 10134 | Lair:1   | Killed a spiny frog
 10316 | Lair:2   | Gained mutation: You resist negative energy. (rN+) [demonic ancestry]
 10316 | Lair:2   | Reached XP level 11. HP: 81/86 MP: 15/15
 10343 | Lair:2   | Reached skill level 5 in Throwing
 10343 | Lair:2   | Noticed a six-headed hydra
 10352 | Lair:2   | Killed a two-headed hydra
 10660 | Lair:2   | Found a staircase to the Shoals.
 11902 | Lair:3   | Found a hole to the Spider Nest.
 12572 | Lair:4   | Reached skill level 9 in Fighting
 12874 | Lair:4   | Slain by a tyrant leech

Vault maps used:
D:1:      dpeg_arrival_water_fire, serial_forest, infiniplex_forest_lined_3,
          infiniplex_forest_diagonal, infiniplex_forest_straight_3,
          infiniplex_forest_straight_1, infiniplex_forest_diagonal,
          serial_bayou_pond_e, st_stairs_1
D:2:      minmay_wonky_spiral, xom_butterflies, grunt_gozag_statues
D:3:      first_ration, minivault_25
D:4:      minmay_temple_entry_trees, nicolae_qazlal_eye_of_the_storm
D:5:      elyvilon_altar_5, grunt_temple_overflow_open,
          trog_three_pillars_becter
D:6:      lemuel_castle_with_subvaults, minmay_misc_feat_diagonals, uniq_sigmund
D:7:      ebering_ghost_reflecting_pool, nicolae_lava_and_water
D:8:      lemuel_round_altar, nicolae_dithmenos_the_darkroom, grunt_pizzeria
D:9:      nicolae_overflow_crystal_walls, kennysheep_mini_moat,
          minmay_lair_entry_lava, uniq_maurice
Lair:2:   minmay_shoals_entry_lonely_mermaid, eino_small_chamber_without_monster
Lair:3:   nicolae_spider_entry_tight_spaces, nicolae_quartered_pool_little
Lair:4:   beast_lair_carwin_large_1, worms_lemuel

Skill      XL: |  1  2  3  4  5  6  7  8  9 10 11 |
---------------+----------------------------------+-----
Axes           | 2 3 4 5 6 7 8 |  8.1
Armour         | 3 4 5 6 7 8 |  8.3
Dodging        | 1 2 3 4 6 7 |  7.8
Fighting       | 4 5 6 7 8 9 |  9.1
Invocations    | 2 3 5 6 |  6.0
Throwing       | 1 3 4 5 |  5.0
Shields        | |  2.6

Action                   |  1- 3 |  4- 6 |  7- 9 | 10-12 || total
-------------------------+-------+-------+-------+-------++-------
Melee: War axe           |    43 |       |       |       ||    43
       Hand axe          |    81 |   114 |   376 |       ||   571
       Battleaxe         |       |       |     8 |   141 ||   149
       Executioner's axe |       |       |       |    79 ||    79
Throw: Tomahawk          |       |       |     8 |       ||     8
Invok: Elemental Force   |       |       |     1 |       ||     1
  Use: Scroll            |     8 |     4 |     8 |     4 ||    24
       Potion            |       |     1 |       |       ||     1
 Stab: Distracted        |       |       |     3 |     1 ||     4
  Eat: Chunk             |     4 |     3 |    23 |    17 ||    47
       Ration            |       |     1 |     2 |       ||     3
Armor: Scale mail        |    77 |    55 |       |       ||   132
       Chain mail        |       |    31 |   286 |   168 ||   485
Dodge: Dodged            |    72 |    64 |   207 |   127 ||   470
       Deflected         |       |       |     1 |     3 ||     4
Block: Other             |       |       |    60 |    76 ||   136

Table legend:
 A = Spawn XP
 B = Non-spawn XP
 C = Spawn XP percentage of total XP
 D = Spawn monster count
 E = Non-spawn monster count
 F = Spawn count percentage of total count
 G = Total turns spent on level
                    A         B        C        D         E        F      G
               +---------+---------+-------+---------+---------+-------+---------
         Total |       0 |   16968 |   0.0 |       0 |     261 |   0.0 | 12874
               +---------+---------+-------+---------+---------+-------+---------
           D:1 |       0 |      18 |   0.0 |       0 |      12 |   0.0 |  1291
           D:2 |       0 |      39 |   0.0 |       0 |      14 |   0.0 |   734
           D:3 |       0 |     212 |   0.0 |       0 |      24 |   0.0 |  1346
           D:4 |       0 |     164 |   0.0 |       0 |      14 |   0.0 |   594
           D:5 |       0 |     534 |   0.0 |       0 |      18 |   0.0 |   972
           D:6 |       0 |    1678 |   0.0 |       0 |      83 |   0.0 |  1440
           D:7 |       0 |     425 |   0.0 |       0 |      10 |   0.0 |   600
           D:8 |       0 |    2220 |   0.0 |       0 |      21 |   0.0 |  1489
           D:9 |       0 |    2849 |   0.0 |       0 |      29 |   0.0 |  1060
        Lair:1 |       0 |    2470 |   0.0 |       0 |      11 |   0.0 |   884
        Lair:2 |       0 |    2631 |   0.0 |       0 |       9 |   0.0 |   703
        Lair:3 |       0 |    2520 |   0.0 |       0 |      12 |   0.0 |  1714
        Lair:4 |       0 |    1208 |   0.0 |       0 |       4 |   0.0 |    47
               +---------+---------+-------+---------+---------+-------+---------
